AoeStats
← [FnL^metalheadz]

Arena

510518772Analyzed
4v4 RM · 1d ago on Oct 1, 2026· 48m 35s· 8 players
Game mode
Random Map
Map size
Large (8 player)
Population
200
Speed
Normal
Resources
Standard
Victory
Conquest
Starting age
Dark Age
Ending age
Imperial Age
RankedLock teamsTeams togetherTeam positionsShared explorationLock speedFull tech treeHidden civsTurbo modeCheats
Victory
Defeat
🇻🇳 Romans · Vietnam
1085
+14
🇦🇺 Khmer · Australia
1043
+15
🇨🇳 Spanish · China
1037
+16
🇭🇰 Georgians · Hong Kong SAR China
1031
+16
🇮🇹 Jurchens · Italy
1070
-17
🇬🇧 Teutons · United Kingdom
1023
-15
🇨🇳 Bohemians · China
1016
-15
🇳🇱 Persians · Netherlands
1014
-14
15634125
11:11 Feudal Age
14:47 Castle Age
13:54 Horse Collar
14:02 Double-Bit Axe
17:37 Wheelbarrow
17:37 Loom
30:18 Hand Cart
33:30 Imperial Age
31:40 Bloodlines
32:10 Gold Mining
32:35 Bow Saw
32:20 Stone Mining
32:41 Heavy Plow
32:49 Scale Barding Armor
34:29 Forging
34:35 Aznauri Cavalry
34:53 Conscription
35:20 Stone Shaft Mining
34:35 Elite Monaspa
35:29 Caravan
36:13 Chain Barding Armor
36:30 Iron Casting
38:52 Plate Barding Armor
39:50 Blast Furnace
40:37 Husbandry
40:44 Light Cavalry
45:39 Hussar
47:26 Crop Rotation
47:46 Hoardings
XGFC
3:30 Loom
9:57 Feudal Age
13:52 Castle Age
11:56 Double-Bit Axe
12:55 Town Watch
26:48 Padded Archer Armor
28:08 Wheelbarrow
28:11 Bow Saw
27:46 Horse Collar
32:55 Imperial Age
31:14 Heavy Plow
32:10 Leather Archer Armor
32:12 Fletching
32:39 Gold Mining
34:02 Hand Cart
34:14 Conscription
34:10 Husbandry
34:20 Bloodlines
35:44 Conscription
36:53 Two-Man Saw
37:14 Ring Archer Armor
36:40 Bodkin Arrow
38:37 Town Patrol
38:47 Elite Conquistador
40:03 Hoardings
42:23 Chemistry
41:43 Ballistics
41:34 Masonry
44:35 Fortified Wall
44:38 Stone Mining
45:03 Bracer
45:09 Scale Barding Armor
46:08 Stone Shaft Mining
47:41 Chain Barding Armor
47:29 Light Cavalry
49:22 Plate Barding Armor
48:59 Forging
satc1014
10:52 Feudal Age
14:36 Castle Age
12:35 Double-Bit Axe
12:32 Horse Collar
19:12 Loom
21:08 Bow Saw
21:37 Wheelbarrow
22:08 Heavy Plow
22:59 Gold Mining
23:42 Hand Cart
27:48 Imperial Age
25:31 Town Watch
26:19 Scale Mail Armor
26:30 Forging
26:11 Fletching
26:46 Ballistics
27:13 Stone Mining
27:48 Chain Mail Armor
26:55 Man-at-Arms
28:15 Squires
27:47 Long Swordsman
29:11 Hand Cart
29:47 Conscription
30:51 Ballistas
30:35 Legionary
33:03 Iron Casting
33:18 Heavy Scorpion
39:17 Blast Furnace
47:11 Bodkin Arrow
[FnL^metalheadz]
11:18 Feudal Age
12:00 Loom
14:52 Castle Age
12:55 Double-Bit Axe
13:00 Horse Collar
14:32 Stone Mining
20:25 Bow Saw
20:52 Heavy Plow
21:25 Gold Mining
23:19 Fortified Wall
23:30 Murder Holes
23:28 Town Watch
25:02 Ballistics
28:02 Gold Shaft Mining
27:54 Town Patrol
28:16 Fletching
33:05 Imperial Age
30:38 Bodkin Arrow
30:53 Forging
33:20 Forging
33:10 Scale Mail Armor
33:16 Scale Barding Armor
33:11 Padded Archer Armor
33:17 Pikeman
34:32 Conscription
34:30 Halberdier
34:33 Elite Skirmisher
35:38 Parthian Tactics
36:11 Double Crossbow
40:23 Capped Ram
42:08 Wheelbarrow
41:34 Town Patrol
41:27 Arson
42:02 Chain Mail Armor
43:13 Stone Shaft Mining
42:50 Heavy Scorpion
45:35 Tusk Swords
46:11 Hoardings
45:56 Hand Cart
46:19 Iron Casting
46:05 Chain Barding Armor
45:46 Bracer
48:10 Blast Furnace
47:51 Plate Barding Armor
47:32 Leather Archer Armor
47:35 Bloodlines
47:25 Husbandry
49:07 Crop Rotation
Tikka Masala
8:59 Feudal Age
10:05 Man-at-Arms
10:39 Arson
18:50 Castle Age
17:20 Double-Bit Axe
17:16 Horse Collar
20:10 Bow Saw
23:05 Wheelbarrow
24:10 Gold Mining
25:37 Gold Shaft Mining
29:31 Town Watch
30:02 Hand Cart
30:24 Ballistics
32:46 Imperial Age
30:02 Loom
30:11 Treadmill Crane
31:23 Stone Mining
32:29 Siege Engineers
33:52 Fortified Wall
33:32 Heavy Rocket Cart
36:06 Chemistry
35:54 Conscription
36:16 Masonry
40:16 Thunderclap Bombs
43:34 Murder Holes
43:30 Fletching
Benjings
6:28 Loom
9:42 Feudal Age
10:34 Double-Bit Axe
11:33 Fletching
13:50 Horse Collar
22:23 Castle Age
23:58 Wheelbarrow
23:49 Bow Saw
24:44 Bodkin Arrow
32:23 Imperial Age
32:03 Ballistics
34:18 Hand Cart
36:18 Fortified Wall
37:10 Chemistry
38:45 Heavy Plow
39:02 Heavy Scorpion
40:22 Scale Mail Armor
xiaoye
11:42 Feudal Age
12:43 Double-Bit Axe
15:43 Castle Age
14:04 Horse Collar
15:31 Loom
16:02 Town Watch
17:57 Bow Saw
25:21 Fervor
28:51 Imperial Age
27:34 Wagenburg Tactics
28:28 Sanctity
29:37 Chemistry
29:43 Fortified Wall
30:37 Conscription
31:09 Hussite Reforms
31:27 Fletching
31:38 Padded Archer Armor
32:01 Devotion
33:50 Redemption
36:10 Heavy Plow
39:22 Husbandry
38:43 Light Cavalry
44:00 Leather Archer Armor
43:41 Bodkin Arrow
Max
11:28 Feudal Age
11:54 Horse Collar
16:17 Castle Age
14:03 Loom
15:53 Horse Collar
16:00 Double-Bit Axe
19:12 Heavy Plow
19:33 Bow Saw
23:01 Gold Mining
23:24 Stone Mining
23:32 Stone Mining
24:37 Wheelbarrow
25:47 Hand Cart
30:25 Imperial Age
29:16 Stone Shaft Mining
29:24 Gold Shaft Mining
30:00 Scale Barding Armor
30:06 Forging
31:39 Conscription
33:16 Chain Barding Armor
33:32 Iron Casting
36:51 Plate Barding Armor
37:16 Blast Furnace
36:56 Crop Rotation
36:48 Fletching
37:21 Ballistics
38:02 Chemistry
37:15 Elite War Elephant
43:52 Bodkin Arrow
Connection lost

Rejoining the realm…

Still unreachable

The connection could not be restored.

Session expired

The server has moved on; the page needs a fresh start.